 Dungeon Crawl Stone Soup version 0.26.1-2-gb8aa6d0 (webtiles) character file.

Game seed: 4542759386664406081

2150 Geeful the Chopper (level 9, -2/81 HPs)
             Began as a Hill Orc Abyssal Knight on May 12, 2021.
             Was an Elder of Lugonu.
             Slain by Pikel
             ... wielding a +2 whip of electrocution
              (6 damage)
             ... on level 6 of the Dungeon.
             The game lasted 00:23:50 (7578 turns).

Geeful the Chopper (Hill Orc Abyssal Knight)        Turns: 7578, Time: 00:23:50

Health: -2/81      AC: 13    Str: 18    XL:     9   Next: 31%
Magic:  13/13      EV:  8    Int: 12    God:    Lugonu [****..]
Gold:   448        SH:  5    Dex: 10    Spells: 8/8 levels left

rFire    . . .     SeeInvis +   u - +2 war axe
rCold    . . .     Faith    .   f - +1 buckler
rNeg     . . .     Spirit   .   d - +2 chain mail {rPois}
rPois    +         Reflect  .   l - +0 helmet
rElec    .         Harm     .   (no cloak)
rCorr    .         Rampage  .   (no gloves)
Will     .....                  (no boots)
Stlth    ..........             c - amulet of the acrobat
HPRegen  0.23/turn              h - ring of see invisible
MPRegen  0.13/turn              (no ring)

@: no status effects
A: no striking features
a: Renounce Religion, Depart the Abyss, Bend Space, Banish, Corrupt


You were on level 6 of the Dungeon.
You worshipped Lugonu.
Lugonu was greatly pleased with you.
You visited 2 branches of the dungeon, and saw 7 of its levels.
You visited the Abyss 1 time.

You collected 448 gold pieces.

Inventory:

Hand Weapons
 t - a +2 hand axe of venom
 u - a +2 war axe (weapon)
Armour
 d - a +2 chain mail of poison resistance (worn)
 f - a +1 buckler (worn)
 l - a +0 helmet (worn)
Jewellery
 c - an amulet of the acrobat (around neck)
 h - a ring of see invisible (left hand)
 w - an uncursed ring of stealth {unknown}
Wands
 g - a wand of flame (4)
 q - a wand of digging (2)
Scrolls
 a - a scroll of fog
 j - a scroll of enchant armour
 k - 3 scrolls of remove curse
 s - a scroll of teleportation
 v - 2 scrolls of identify
Potions
 b - 2 potions of mutation
 e - a potion of berserk rage {unknown}
 i - 2 potions of lignification {unknown}
 m - 2 potions of curing
 n - a potion of attraction
 o - a potion of cancellation
 p - a potion of heal wounds
 r - 2 potions of flight


   Skills:
 * Level 7.8 Fighting
 * Level 7.9 Axes
 * Level 6.6 Armour
 + Level 3.2 Dodging
 - Level 4.0 Shields
 + Level 5.6 Invocations


You had 8 spell levels left.
You didn't know any spells.
Your spell library contained the following spells:

 Spells                   Type           Power        Failure   Level
 Magic Dart               Conj           0%           98%         1
 Blink                    Tloc           N/A          99%         2
 Call Imp                 Summ           0%           99%         2
 Slow                     Hex            0%           99%         2
 Conjure Flame            Conj/Fire      0%           100%        3
 Mephitic Cloud           Conj/Pois/Air  0%           100%        3


Dungeon Overview and Level Annotations

Branches:
Dungeon (6/15)             Temple (1/1) D:6

Altars:
Fedhas
Trog
Yredelemnul
Zin

Annotations:
D:6 Pikel


Message History

You kill the lemure!
That felt strangely unrewarding.
You hit the lemure.
Pikel hits you with a +2 whip of electrocution.
The lemure hits you but does no damage. x2
You closely miss Pikel.
Pikel is moderately wounded.
You closely miss the lemure. You hit the lemure but do no damage.
You barely miss the lemure. Pikel hits you but does no damage.
You are electrocuted!
The lemure hits you but does no damage. x2
The lemure hits you.
You barely miss Pikel.
Pikel is moderately wounded.
You hit the lemure. You closely miss the lemure. You hit the lemure.
Pikel hits you but does no damage.
You are electrocuted!!
* * * LOW HITPOINT WARNING * * *
You block the lemure's attack. The lemure hits you.
* * * LOW HITPOINT WARNING * * *
The lemure hits you but does no damage.
Pikel hits you with a +2 whip of electrocution.
You die...

#....#...#####
............... .
#######.##....#### ####.
............#.# #...#
#.....#.##.##.#### #...#
#.....+........... #...#
#.....#.#......... #...#
#5K...#.######.###
#...###@5...#...........
+.....5..####.######..##
#...#################.##
#....................<†.
###.#...................
.......................
###.#.#.................
#.#.##.##############.
#.............)...# #.


You could see Pikel and 3 lemures.

Vanquished Creatures
  Grinder (D:6)
  Edmund (D:5)
  A sky beast (D:6)
  2 ice beasts
  2 black bears (D:6)
  A centaur (D:6)
  A lemure (D:6)
  Blork the orc (D:5)
  2 scorpions (D:4)
  5 wights (D:6)
  A bullfrog zombie (D:5)
  4 orc priests
  8 orc wizards
  Natasha (thrice) (D:3)
  2 iguanas
  5 worker ants
  Robin (D:3)
  4 gnolls
  8 adders
  3 white imps
  An adder skeleton (D:4)
  2 worms
  4 dart slugs
  6 leopard geckos
  22 orcs
  10 giant cockroaches
  20 goblins
  12 hobgoblins
  4 jackals (D:4)
  A quokka (D:2)
  A ball python (D:1)
  11 bats
  4 frilled lizards
  9 kobolds
  A leopard gecko skeleton (D:2)
  5 rats
169 creatures vanquished.

Notes
Turn   | Place    | Note
-------+----------+-------------------------------------------
     0 | Abyss:1  | Geeful the Hill Orc Abyssal Knight began the quest for the
                  | Orb.
     0 | Abyss:1  | Reached XP level 1. HP: 19/19 MP: 2/2
    47 | Abyss:2  | Noticed an efreet
    47 | Abyss:2  | Noticed a glowing orange brain
    48 | D:1      | Escaped the Abyss
   211 | D:1      | Reached * piety under Lugonu
   212 | D:1      | Reached XP level 2. HP: 27/27 MP: 3/3
   317 | D:1      | Reached skill level 1 in Dodging
   589 | D:1      | Reached XP level 3. HP: 33/33 MP: 3/5
  1343 | D:2      | Reached XP level 4. HP: 40/40 MP: 6/6
  1365 | D:2      | Reached skill level 1 in Shields
  1389 | D:2      | Reached ** piety under Lugonu
  1871 | D:3      | Noticed an ice beast
  1971 | D:3      | Killed an ice beast
  1972 | D:3      | Reached XP level 5. HP: 25/46 MP: 7/7
  2211 | D:3      | Noticed Natasha
  2229 | D:3      | Killed Natasha
  2291 | D:3      | Noticed Natasha
  2303 | D:3      | Killed Natasha
  2304 | D:3      | Reached XP level 6. HP: 33/53 MP: 8/8
  2321 | D:3      | Noticed Natasha
  2327 | D:3      | Killed Natasha
  2752 | D:3      | Noticed Robin
  2761 | D:3      | Killed Robin
  2774 | D:3      | Reached *** piety under Lugonu
  3457 | D:4      | Reached skill level 5 in Fighting
  3457 | D:4      | Reached XP level 7. HP: 55/61 MP: 9/9
  3853 | D:4      | Reached skill level 5 in Axes
  4780 | D:5      | Entered Level 5 of the Dungeon
  4789 | D:5      | Found a bloodstained altar of Trog.
  5433 | D:5      | Reached XP level 8. HP: 70/70 MP: 11/11
  5546 | D:5      | Noticed Edmund
  5557 | D:5      | Killed Edmund
  5558 | D:5      | Reached skill level 5 in Armour
  5745 | D:5      | Noticed Blork the orc
  5755 | D:5      | Killed Blork the orc
  6408 | D:6      | Found a staircase to the Ecumenical Temple.
  6466 | D:6      | Reached skill level 5 in Invocations
  6775 | Temple   | Entered the Ecumenical Temple
  6794 | D:6      | Reached XP level 9. HP: 79/79 MP: 12/12
  6839 | D:6      | Reached **** piety under Lugonu
  6995 | D:6      | Noticed Grinder
  7017 | D:6      | Killed Grinder
  7565 | D:6      | Noticed Pikel
  7578 | D:6      | HP: 4/81 [lemure[Pikel] (6)]
  7578 | D:6      | Slain by Pikel

Illustrated notes

Levels and vault maps discovered:
D:1:      psy_arrival_terrarium, layout_basic
D:2:      layout_loops_ring, st_stairs_2, minmay_misc_feat_nine_boxes
D:3:      layout_loops_ring, minmay_diced_spiral, uniq_natasha, uniq_robin
D:4:      layout_layer_cave
D:5:      layout_basic, basic_altar, kennysheep_small_circle,
          uniq_blork_the_orc, uniq_edmund
D:6:      layout_basic, minmay_temple_entry_stoned_glass, uniq_pikel,
          uniq_eustachio, uniq_grinder
Temple:   minmay_crystal_snake_temple

Skill      XL: |  1  2  3  4  5  6  7  8  9 |
---------------+----------------------------+-----
Axes           | 3 4 5 7 |  7.9
Dodging        | 1 2 3 |  3.2
Fighting       | 4 5 7 |  7.8
Armour         | 3 4 6 |  6.6
Shields        | 3 4 |  4.0
Invocations    | 3 4 5 |  5.6

Action                   |  1- 3 |  4- 6 |  7- 9 || total
-------------------------+-------+-------+-------++-------
Melee: Hand axe          |   132 |   162 |       ||   294
       War axe           |       |    81 |   330 ||   411
Invok: Depart the Abyss  |     1 |       |       ||     1
Evoke: Wand              |       |       |    15 ||    15
  Use: Scroll            |     3 |     4 |     6 ||    13
       Potion            |       |     6 |       ||     6
 Stab: Invisible         |       |     3 |       ||     3
       Paralysed         |       |       |    20 ||    20
Armor: Chain mail        |   119 |   120 |   169 ||   408
Dodge: Dodged            |    65 |    85 |   126 ||   276
Block: Buckler           |       |    30 |    91 ||   121
